 Dungeon Crawl Stone Soup version 0.21.0-24-g2553a3340b (webtiles) character file.

13640654 GordonOverkill the Conqueror (level 27, 272/272 (273) HPs)
             Began as a Ghoul Summoner on Jan 20, 2018.
             Was the Champion of Makhleb.
             Escaped with the Orb
             ... and 15 runes on Jan 21, 2018!
             The game lasted 05:14:04 (119387 turns).

GordonOverkill the Conqueror (Ghoul Summoner)     Turns: 119387, Time: 05:14:04

HP:   272/272 (273) AC: 50    Str: 53    XL:     27
MP:   40/40         EV: 28    Int:  9    God:    Makhleb [******]
Gold: 13837         SH: 22    Dex: 17    Spells: 29/54 levels left

rFire    + + +     SeeInvis +     - Unarmed
rCold    + + .     Gourm    .   T - +0 shield of the Thinker {rF++ Regen+ Str+8 Int-2}
rNeg     + + +     Faith    .   j - +7 crystal plate armour of the Voivode {rElec Str+3}
rPois    ∞         Spirit   +   f - +2 hat {SInv}
rElec    +         Reflect  .   u - +2 cloak {MR+}
rCorr    +         Harm     .   R - +1 pair of gloves of the Harp {rCorr Str+7 Int-2}
MR       +++++                  E - +1 pair of boots of Voagroro {MR+ Str+7}
Stlth    ..........             M - amulet "Viempyn" {Spirit Str+2 Dex+4 Slay+3}
HPRegen  0.95/turn              l - ring of Zuuj {*Drain rF+ rC+ Str+5}
MPRegen  0.27/turn              X - ring of the Mage {Wiz MR++ Int+3}

@: rotting, studying Fire Magic
A: rotting body, claws 1, carnivore, cold resistance 1, negative energy
resistance 3, inhibited regeneration, torment resistance, unbreathing
0: Orb of Zot
}: 15/15 runes: barnacled, slimy, silver, golden, iron, obsidian, icy, bone,
abyssal, demonic, glowing, magical, fiery, dark, gossamer
a: Minor Destruction, Lesser Servant of Makhleb, Major Destruction, Greater
Servant of Makhleb, Renounce Religion


You escaped.
You worshipped Makhleb.
Makhleb was exalted by your worship.
You were not hungry.

You visited 18 branches of the dungeon, and saw 90 of its levels.
You visited Pandemonium 1 time, and saw 12 of its levels.
You visited the Abyss 2 times.
You completed 1 ziggurat, and saw 27 of its levels.
You also visited: Labyrinth, Trove and Ice Cave.

You collected 16058 gold pieces.
You spent 2221 gold pieces at shops.

Inventory:

Missiles
 r - 12 throwing nets (quivered)
Armour
 a - the +1 cloak "Cavas" {Regen+}
   (You found it on level 24 of a ziggurat)

   It increases your rate of regeneration.
 f - a +2 hat of see invisible (worn)
 i - the +10 large shield of Ignorance {rN+ Int-4}
   (You found it on level 11 of a ziggurat)

   It affects your intelligence (-4).
   It protects you from negative energy.
 j - the +7 crystal plate armour of the Voivode (worn) {rElec Str+3}
   (Okawaru gifted it to you on level 11 of the Dungeon)

   It affects your strength (+3).
   It insulates you from electricity.
 u - a +2 cloak of magic resistance (worn)
 E - the +1 pair of boots of Voagroro (worn) {MR+ Str+7}
   (You acquired it on level 5 of a ziggurat)

   It affects your strength (+7).
   It affects your resistance to hostile enchantments.
 R - the +1 pair of gloves of the Harp (worn) {rCorr Str+7 Int-2}
   (You found it on level 9 of a ziggurat)

   It affects your strength (+7).
   It affects your intelligence (-2).
   It protects you from acid and corrosion.
 T - the +0 shield of the Thinker (worn) {rF++ Regen+ Str+8 Int-2}
   (Okawaru gifted it to you on level 4 of the Shoals)

   It affects your strength (+8).
   It affects your intelligence (-2).
   It greatly protects you from fire.
   It increases your rate of regeneration.
Jewellery
 e - the ring of Rationality {rElec MR+ Dex+2}
   (You found it on level 21 of a ziggurat)

   [ring of protection from magic]

   It affects your dexterity (+2).
   It insulates you from electricity.
   It affects your resistance to hostile enchantments.
 l - the ring of Zuuj (left hand) {*Drain rF+ rC+ Str+5}
   (You bought it in a shop on level 2 of the Orcish Mines)

   [ring of protection from fire]

   It affects your strength (+5).
   It protects you from fire.
   It protects you from cold.
   It causes draining when unequipped.
 H - the ring of Phasing {EV+8}
   (You took it off Dispater on level 7 of the Iron City of Dis)

   [ring of evasion]

   It affects your evasion (+8).
 I - the ring "Bipo Tib" {-Tele rF++ rC+ rN+ SInv, unknown}
   (You found it on level 27 of a ziggurat)

   [ring of see invisible]

   It greatly protects you from fire.
   It protects you from cold.
   It protects you from negative energy.
   It lets you see invisible.
   It prevents most forms of teleportation.
 M - the amulet "Viempyn" (around neck) {Spirit Str+2 Dex+4 Slay+3}
   (You found it on level 5 of the Vaults)

   [amulet of guardian spirit]

   It causes incoming damage to be split between your health and magic.
   It affects your strength (+2).
   It affects your dexterity (+4).
   It affects your accuracy and damage with ranged weapons and melee attacks
   (+3).
 X - the ring of the Mage (right hand) {Wiz MR++ Int+3}
   (You found it on level 4 of the Depths)

   [ring of wizardry]

   It improves your spell success rate.
   It affects your intelligence (+3).
   It affects your resistance to hostile enchantments.
 Y - the amulet "Wuxzyice" {Faith rF++ rC+ Dex+2}
   (You found it on level 7 of Tartarus)

   [amulet of faith]

   It allows you to gain divine favour quickly.
   It affects your dexterity (+2).
   It greatly protects you from fire.
   It protects you from cold.
Wands
 s - a wand of acid (35)
 t - a wand of clouds (6)
 y - a wand of digging (45)
Scrolls
 g - 43 scrolls of teleportation
 h - 7 scrolls of identify
 k - 33 scrolls of remove curse
 m - 9 scrolls of vulnerability
 p - 33 scrolls of fog
 z - 8 scrolls of silence
 D - 4 scrolls of blinking
 F - 11 scrolls of fear
 G - a scroll of amnesia
 K - 4 scrolls of summoning
 P - 10 scrolls of magic mapping
 U - 10 scrolls of enchant armour
 V - 3 scrolls of torment
Potions
 b - 6 potions of agility
 d - 22 potions of heal wounds
 n - 5 potions of haste
 v - 6 potions of invisibility
 w - 3 potions of magic
 A - 33 potions of curing
 B - 3 potions of ambrosia
 C - 6 potions of resistance
 J - 4 potions of cancellation
 N - 12 potions of brilliance
 Q - a potion of might
 W - a potion of experience
Books
 q - a book of Cantrips

   Spells                             Type                      Level
   a - Confusing Touch                Hexes                        1
   b - Animate Skeleton               Necromancy                   1
   c - Summon Small Mammal            Summoning                    1
   d - Apportation                    Translocation                1
 x - the Catalogue of the Escort
   (You found it on level 27 of a ziggurat)

   Spells                             Type                      Level
   a - Summon Butterflies             Summoning                    1
   b - Summon Guardian Golem          Hexes/Summoning              3
   c - Call Canine Familiar           Summoning                    3
   d - Summon Ice Beast               Ice/Summoning                4
   e - Dragon's Call                  Summoning                    9
 L - a book of Annihilations

   Spells                             Type                      Level
   a - Poison Arrow                   Conjuration/Poison           6
   b - Chain Lightning                Conjuration/Air              8
   c - Lehudib's Crystal Spear        Conjuration/Earth            8
   d - Glaciate                       Conjuration/Ice              9
   e - Fire Storm                     Conjuration/Fire             9
 O - a manual of Fire Magic
 S - Lualynt's Tome of the Unholy Birds
   (You found it on level 27 of a ziggurat)

   Spells                             Type                      Level
   a - Swiftness                      Charms/Air                   2
   b - Sublimation of Blood           Necromancy                   2
   c - Poisonous Vapours              Poison/Air                   2
   d - Static Discharge               Conjuration/Air              3
   e - Borgnjor's Vile Clutch         Necromancy/Earth             5
   f - Deflect Missiles               Charms/Air                   6
Comestibles
 c - 107 rations


   Skills:
 O Level 27 Fighting
 - Level 13.5 Throwing
 O Level 27 Armour
 O Level 27 Dodging
 - Level 2.1 Stealth
 O Level 27 Shields
 O Level 27 Unarmed Combat
 + Level 14.2 Spellcasting
 - Level 12.0 Charms
 - Level 4.0 Summonings
 - Level 25.0 Translocations
 O Level 27 Earth Magic
 O Level 27 Invocations
 - Level 5.0 Evocations


You had 29 spell levels left.
You knew the following spells:

 Your Spells              Type           Power        Failure   Level  Hunger
a - Summon Small Mammal   Summ           ##..         1%          1    None
b - Blink                 Tloc           N/A          0%          2    None
c - Regeneration          Chrm/Necr      ###.......   2%          3    ##.....
d - Deflect Missiles      Chrm/Air       ###.......   75%         6    #######
e - Passwall              Tmut/Erth      ####......   1%          2    None
f - Shatter               Erth           ######....   22%         9    #######
g - Song of Slaying       Chrm           ####....     1%          2    None


Dungeon Overview and Level Annotations

Branches:
Dungeon (15/15)            Temple (1/1) D:5            Lair (6/6) D:8
 Shoals (4/4) Lair:2       Spider (4/4) Lair:2        Slime (5/5) Lair:6
    Orc (2/2) D:11            Elf (3/3) Orc:2        Vaults (5/5) D:14
  Crypt (3/3) Vaults:3       Tomb (3/3) Crypt:3      Depths (5/5) D:15
   Hell (1/1)                 Dis (7/7) Hell            Geh (7/7) Hell
    Coc (7/7) Hell            Tar (7/7) Hell            Zot (5/5) Depths:5

Altars:
Ashenzari
Cheibriados
Dithmenos
Elyvilon
Fedhas
Gozag
Hepliaklqana
Kikubaaqudgha
Makhleb
Nemelex Xobeh
Okawaru
Qazlal
Ru
Sif Muna
Trog
Uskayaw
Vehumet
Wu Jian
Xom
Yredelemnul
Zin
The Shining One
Jiyva
Lugonu

Shops:
D:8 (   D:10 [   D:11 *   Orc:2 =[*(   Vaults:2 }   Vaults:3 %   Vaults:4 :
Vaults:5 ?   Depths:1 *   Depths:3 **   Depths:4 =   Depths:5 (

Portals:
Hell: Depths:1 Depths:2 Depths:3 Depths:4 Depths:5
Abyss: Depths:1 Depths:4
Pandemonium: Depths:3
Ziggurat: Depths:5

Annotations:
Depths:2 1 transporter


Innate Abilities, Weirdness & Mutations

Your body is rotting away.
You thrive on raw meat.
You are immune to poison.
You have sharp fingernails.
You are carnivorous and can eat meat at any time.
Your flesh is cold resistant. (rC+)
You are immune to negative energy. (rN+++)
You do not regenerate when monsters are visible.
You are immune to unholy pain and torment.
You can survive without breathing.


Message History

a large shield; an eudemon blade of holy wrath A rust devil comes into view.
There is a stone staircase leading up here.
You climb upwards.
There is a stone staircase leading down here.
(D) Dungeon (T) Temple (L) Lair (A) Shoals (N) Spider Nest (M) Slime Pits (O) Orcish Mines (E) Elven Halls (V) Vaults (C) Crypt (W) Tomb (U) Depths (H) Hell (I) Dis (G) Gehenna (X) Cocytus (Y) Tartarus (Z) Zot
Where to? (Enter - D:1 @ (x,y), ? - help)
There is a stone staircase leading up here.
You climb upwards.
There is a stone staircase leading down here.
You see here a dagger.
Magic restored.
There is an open door here.
HP restored.
There is a staircase leading out of the dungeon here.
You have escaped!

.###.# ####.'....#.....#.....#.
#...## ##..###....#....##.###^..
##.## #.....#'##########.# #.##
#.# #.#.).....## #.###.# #.#
#.#'##.....### #.....#
##.######.#..####)...# ###..##
#.........#..####'#..# #..#
#..########..##...##.#######..###
#..# #..##.@.##.............
#..### ###########.##.###.....
#....###### #..# #.##.# #.....
#...#.....#####.#####.##.###.....
#....####......#......##.........
####.##########.########.####....
#..........##.# #.####....
#..#######.##.# #......... #..#
#.##.# #.####....


There were no monsters in sight!

Vanquished Creatures
  Cerebov (Pan)
  Antaeus (Coc:7)
  Asmodeus (Geh:7)
  the Royal Jelly (Slime:5)
  Ereshkigal (Tar:7)
  Gloorx Vloq (Pan)
  the Serpent of Hell (Tar:7)
  Lom Lobon (Pan)
  Mnoleg (Pan)
  Dispater (Dis:7)
  8 orbs of fire
  Mennas (Tomb:3)
  24 ancient liches
  16 juggernauts
  41 greater mummies
  Sojobo (Crypt:2)
  24 shard shrikes
  Bai Suzhen (Elf:3)
  Frederick (Crypt:2)
  5 Killer Klowns
  13 pandemonium lords
  3 curse toes
  Jory (Tomb:1)
  Geryon (Hell)
  Nikola (Shoals:1)
  43 bone dragons
  16 golden dragons
  A profane servitor (Abyss:4)
  Arachne (Spider:4)
  22 doom hounds
  55 Tzitzimimeh
  25 liches
  38 Brimstone Fiends
  3 electric golems
  A hellephant (Hell)
  14 Hell Sentinels
  14 iron giants
  22 tentacled monstrosities
  40 Ice Fiends
  25 Orb Guardians (Zot:5)
  11 deep elf blademasters
  6 quicksilver dragons
  2 krakens
  25 titans
  15 acid blobs
  Gastronok (Lair:2)
  8 eldritch tentacles
  19 deep elf master archers
  10 death cobs
  6 tentacled starspawn
  22 sphinxes
  45 ancient champions
  Frances (Spider:1)
  2 thorn hunters (Zig:9)
  34 Executioners
  A shadow dragon (shapeshifter) (Zig:18)
  7 draconian monks
  A nagaraja (Zig:8)
  Ilsuiw (Shoals:4)
  23 shadow dragons
  4 warmongers (Pan)
  16 storm dragons
  4 tengu reavers
  Roxanne (Elf:1)
  A fire giant (shapeshifter) (Zig:26)
  10 azure jellies
  6 revenants
  Donald (Spider:4)
  3 daevas
  8 orc warlords (Zig:23)
  10 draconian knights
  An iron dragon (shapeshifter) (Vaults:5)
  7 iron dragons
  27 fire giants
  10 ghost moths
  10 vault wardens
  6 draconian scorchers
  50 balrugs
  20 frost giants
  4 juggernaut zombies
  7 emperor scorpions
  28 cacodemons
  18 deep elf sorcerers
  4 deep elf elementalists
  An angel (Pan)
  7 curse skulls
  Louise (Shoals:1)
  19 ironheart preservers
  11 black suns (Pan)
  6 draconian shifters
  26 ghouls
  9 draconian annihilators
  4 draconian stormcallers
  5 blood saints
  14 bennus
  39 stone giants
  9 war gargoyles
  7 elemental wellsprings
  36 very ugly things
  A spriggan defender (Depths:3)
  4 juggernaut skeletons
  2 entropy weavers
  2 entropy weavers (shapeshifter)
  125 reapers
  13 green draconians
  5 deep elf demonologists
  11 black draconians
  2 grey draconians (Depths:5)
  3 corrupters (Pan)
  Azrael (Spider:1)
  7 lorocyprocas
  14 yellow draconians
  15 vampire knights
  A spectral titan (Crypt:3)
  11 white draconians
  5 spark wasps
  A spark wasp (shapeshifter) (Zig:13)
  16 deep elf annihilators
  15 eidola
  10 purple draconians
  18 red draconians
  A minotaur (Lab)
  37 blizzard demons
  18 merfolk javelineers
  An ettin (shapeshifter) (Zig:13)
  11 jiangshi
  4 merfolk impalers
  13 ettins
  17 quicksilver dragon zombies
  4 crystal guardians
  34 mummy priests
  17 deep elf death magi
  A ragged hierophant (Vaults:1)
  15 green deaths
  Josephine (Spider:1)
  4 fire dragons
  7 death oozes
  16 yaktaur captains
  10 monstrous demonspawn
  11 hydras
  14 deep elf high priests
  6 kraken zombies
  32 vault guards
  7 quicksilver dragon skeletons
  Harold (Orc:1)
  4 ghost crabs
  13 great orbs of eyes
  5 rakshasas
  33 ice dragons
  A catoblepas (shapeshifter) (Zig:13)
  7 hell beasts
  15 centaur warriors
  A spriggan air mage (Depths:4)
  3 anacondas (shapeshifter)
  6 satyrs
  6 alligator snapping turtles (Shoals:4)
  2 merfolk aquamancers (Shoals:4)
  A two-headed ogre (shapeshifter) (Zig:26)
  4 death knights
  24 two-headed ogres
  3 alligators
  7 deep troll shamans
  4 tengu warriors
  28 death scarabs
  10 orc high priests
  5 thrashing horrors
  43 hell hogs
  15 naga sharpshooters (Zig:27)
  13 deep troll earth magi
  27 dancing weapons
  3 shock serpents (shapeshifter)
  17 vampire magi
  7 titan zombies
  14 ogre magi
  5 spriggan berserkers
  63 soul eaters
  2 holy swine (Pan)
  42 deep elf knights
  72 large abominations
  47 hell knights
  13 iron golems
  5 spriggans
  80 sun demons
  17 titan skeletons
  Nergalle (Lair:2)
  2 spark wasp zombies
  260 skeletal warriors
  16 storm dragon zombies
  4 salamander mystics
  13 wretched stars
  3 ghost moth zombies
  13 iron trolls
  30 shadow wraiths
  22 anaconda zombies
  36 sixfirhies
  A spatial maelstrom (Abyss:2)
  9 golden dragon zombies
  28 shadow demons
  3 glowing orange brains
  A spectral anaconda (Crypt:3)
  A swamp dragon (shapeshifter) (Zig:18)
  An unseen horror (shapeshifter) (Vaults:4)
  12 infernal demonspawn (Pan)
  5 spriggan druids
  10 sea snakes
  11 storm dragon skeletons
  An unseen horror (D:15)
  A spectral ghost moth (Crypt:3)
  2 death drakes
  3 orange crystal statues
  10 torturous demonspawn (Pan)
  44 deep trolls
  A kraken simulacrum (Coc:1)
  35 flayed ghosts
  3 swamp dragons (Zig:14)
  15 wizards
  36 deep elf archers
  10 gelid demonspawn
  5 tengu zombies
  7 golden dragon skeletons
  18 harpies
  10 wolf spider zombies
  3 shambling mangroves
  52 phantasmal warriors
  Pikel (D:8)
  33 necromancers
  13 frost giant zombies
  11 ironbrand convokers
  92 deep elf magi
  13 orb spiders
  A wolf spider (shapeshifter) (Depths:5)
  3 sphinx zombies
  A mana viper (shapeshifter) (Zig:26)
  13 iron dragon zombies
  11 anaconda skeletons
  An orb spider (shapeshifter) (Zig:13)
  15 shadow dragon zombies
  A salamander (shapeshifter) (Vaults:4)
  4 oklob plants
  15 orc knights
  19 fire giant zombies
  4 tengu skeletons
  34 wolf spiders
  The ghost of uvhash the Cleaver, a novice DsAK of Lugonu (D:5)
  A spectral alligator (Crypt:3)
  7 orc sorcerers
  29 fauns
  8 iron dragon skeletons
  18 stone giant zombies
  5 salamanders (Depths:4)
  18 cyclopes
  18 manticores
  A sphinx skeleton (Zig:24)
  A cyclops (shapeshifter) (Zig:26)
  13 shining eyes
  41 ugly things
  2 worldbinders (Abyss:3)
  11 frost giant skeletons
  11 shadow dragon skeletons
  An elephant (shapeshifter) (Vaults:5)
  28 moths of wrath
  Maurice (D:10)
  8 stone giant skeletons
  6 black mambas
  A black mamba (shapeshifter) (Abyss:1)
  15 merfolk sirens
  9 dire elephant zombies
  39 rust devils
  6 spriggan zombies
  7 elephants
  6 water nymphs
  7 ice statues
  15 fire giant skeletons
  A naga mage (Zig:8)
  10 molten gargoyles
  14 vault sentinels
  5 shock serpent zombies
  35 smoke demons
  7 apocalypse crabs
  5 storm dragon simulacra
  A torpor snail (Spider:3)
  3 eyes of devastation
  An eye of devastation (shapeshifter) (Zig:18)
  8 dire elephant skeletons
  A purple draconian zombie (Geh:1)
  A yaktaur zombie (Vaults:4)
  7 centaur skeletons
  21 small abominations
  4 shock serpent skeletons
  17 orange demons
  26 spiny frogs
  3 spriggan skeletons
  2 titan simulacra
  6 catoblepas zombies
  4 emperor scorpion zombies
  2 kobold demonologists
  A redback zombie (Crypt:3)
  48 hellions
  A yaktaur (shapeshifter) (Vaults:2)
  The ghost of uvhash the Digger, a novice DsEE (D:6)
  7 rime drakes
  100 tormentors
  32 demonic crawlers
  6 anaconda simulacra
  12 ancient zymes
  5 komodo dragons
  22 hellwings
  A yaktaur skeleton (Vaults:4)
  An alligator snapping turtle skeleton (Crypt:2)
  94 ice devils
  2 black draconian skeletons (Crypt:2)
  12 efreet
  6 silent spectres
  44 yaktaurs
  79 freezing wraiths
  30 hydra zombies
  7 tengu conjurers
  5 catoblepas skeletons
  A meliai (shapeshifter) (Zig:26)
  24 merfolk
  93 red devils
  A sea snake skeleton (Crypt:2)
  A minotaur zombie (Dis:7)
  63 guardian mummies
  6 harpy zombies
  19 trolls
  5 meliai (Abyss:4)
  14 polar bears (IceCv)
  29 jumping spiders
  20 hornets
  A queen bee (Abyss:4)
  A tengu simulacrum (Zig:17)
  4 tyrant leeches
  A wind drake (shapeshifter) (Vaults:1)
  A hornet (shapeshifter) (Depths:2)
  A raiju (shapeshifter) (Vaults:5)
  4 bog bodies
  3 shadow dragon simulacra
  A sphinx simulacrum (Zig:17)
  19 hydra skeletons
  A slime creature (shapeshifter) (Vaults:1)
  77 slime creatures
  24 raiju
  6 wind drakes
  2 saltlings (Vaults:1)
  7 harpy skeletons
  A dream sheep (shapeshifter) (Zig:3)
  8 dream sheep
  7 hippogriffs
  8 snapping turtles
  9 ice dragon zombies
  13 alligator zombies
  19 blink frogs
  10 ettin zombies
  A fire giant simulacrum (Tar:5)
  7 fire dragon zombies
  86 redbacks
  276 flying skulls
  16 ice dragon skeletons
  31 ynoxinuls
  13 ettin skeletons
  42 water elementals
  12 black mamba zombies
  8 alligator skeletons
  30 tarantellas
  91 wraiths
  A spriggan simulacrum (Zig:22)
  6 air elementals
  2 wyverns (shapeshifter) (Zig:26)
  21 ushabtiu
  72 yaks
  A shapeshifter (Spider:4)
  A dire elephant simulacrum (Coc:5)
  38 starcursed masses
  7 wyverns
  10 fire dragon skeletons
  81 shadows
  A vampire (D:9)
  2 golden eyes (shapeshifter)
  6 golden eyes
  A steam dragon (D:8)
  57 fire elementals
  A hog (shapeshifter) (Zig:26)
  A human (shapeshifter) (Zig:26)
  3 fire bats (Geh:5)
  11 basilisks
  26 neqoxecs
  16 hungry ghosts
  4 black mamba skeletons
  39 chaos spawn
  11 vampire mosquitoes
  A yaktaur simulacrum (Vaults:3)
  11 wargs
  2 infernal demonspawn zombies
  An insubstantial wisp (Zig:14)
  A gelid demonspawn zombie (Geh:5)
  2 merfolk zombies
  A swamp worm (shapeshifter) (Zig:18)
  2 nagas (Zig:1)
  5 spatial vortices
  A spectral snapping turtle (Crypt:3)
  A monstrous demonspawn zombie (Crypt:1)
  7 acid dragons
  24 spiny frog zombies
  12 water moccasins
  3 hydra simulacra
  124 hell hounds
  A gelid demonspawn skeleton (Crypt:2)
  7 porcupines
  An infernal demonspawn skeleton (Crypt:3)
  A floating eye (Pan)
  39 orc warriors
  A monstrous demonspawn skeleton (Crypt:3)
  A merfolk skeleton (Crypt:2)
  20 phantoms
  An alligator simulacrum (Hell)
  10 eyes of draining
  A fire dragon simulacrum (Coc:2)
  2 swamp drakes (Zig:14)
  18 ice beasts
  3 sky beasts
  2 slaves (D:8)
  10 spiny frog skeletons
  A hornet zombie (D:13)
  16 snapping turtle zombies
  A torturous demonspawn skeleton (Crypt:3)
  2 ettin simulacra
  55 necrophages
  7 manticore zombies
  6 swamp dragon zombies
  27 wolves
  5 snapping turtle skeletons
  49 ogres
  The ghost of uvhash the Insei, an amateur DsAK of Lugonu (D:4)
  2 boggarts
  27 centaurs
  4 swamp dragon skeletons
  A manticore skeleton (Tar:3)
  12 elf skeletons
  20 crocodiles
  12 elf zombies
  A big kobold (D:7)
  30 bullfrogs
  A glowing shapeshifter simulacrum (Zig:17)
  3 earth elementals
  A fire crab zombie (Crypt:2)
  2 spiny frog simulacra (Coc:1)
  2 scorpions
  3 wyvern skeletons
  18 killer bees
  A water moccasin skeleton (Crypt:1)
  A scorpion (shapeshifter) (Zig:26)
  3 troll zombies
  A spectral tengu (Crypt:3)
  A vampire bat (D:4)
  117 wights
  6 electric eels
  5 howler monkeys
  23 crimson imps
  2 bullfrog zombies
  3 centaur zombies
  7 hounds
  5 human zombies
  4 quasits
  7 human simulacra
  4 jellies
  23 orc priests
  A bullfrog skeleton (D:10)
  54 iron imps
  Jessica (D:2)
  Natasha (D:3)
  2 iguanas
  6 human skeletons
  30 orc wizards
  10 worker ants
  A lightning spire (Zig:20)
  A naga zombie (Geh:1)
  A demigod zombie (Crypt:3)
  A deep dwarf skeleton (Crypt:1)
  2 hound zombies
  A hound skeleton (D:11)
  76 mummies
  2 worker ant zombies
  2 howler monkey zombies
  9 adders
  28 shadow imps
  51 white imps
  3 ufetubi
  An ooze (Lair:6)
  2 adder zombies (D:7)
  A halfling zombie (Crypt:3)
  2 worms
  5 dart slugs
  3 leopard geckos
  89 orcs
  5 bats
  2 bat skeletons (D:4)
  2 bat zombies (D:4)
  13 giant cockroaches
  2 gnoll zombies (D:6)
  8 goblins
  10 hobgoblins
  13 jackals
  15 kobolds
  8 quokkas
  A ball python (D:3)
  A ball python skeleton (Crypt:2)
  8 frilled lizards
  2 jackal skeletons (D:5)
  A kobold skeleton (Tar:1)
  5 kobold zombies
  A leopard gecko skeleton (D:8)
  2 orc skeletons
  An orc zombie (D:8)
  7 rats
  2 briar patches (Zig:9)
  2 crawling corpses (Elf:3)
  2 fire vortices
  A lurking horror (Abyss:3)
  2 plants
  5 starspawn tentacles
  14 tentacles
7344 creatures vanquished.

Vanquished Creatures (collateral kills)
  A Brimstone Fiend (Geh:7)
  A titan (Crypt:3)
  A shadow dragon (Tar:7)
  A soul eater (Pan)
  A skeletal warrior (Tar:7)
  A large abomination (Pan)
  A deep elf archer (Crypt:3)
  A silent spectre (Tar:7)
  2 guardian mummies (Tomb:3)
  2 flying skulls (Tomb:3)
  A shadow (Tar:7)
  An ushabti (Tomb:3)
  An iron imp (Dis:7)
  A goblin (D:1)
  A bat (D:1)
17 creatures vanquished.

Vanquished Creatures (others)
  An eldritch tentacle (Coc:1)
  A ghost moth (Spider:4)
  A cacodemon (Pan)
  A reaper (Dis:7)
  An elemental wellspring (Coc:7)
  A caustic shrike skeleton (Depths:2)
  A large abomination (Elf:3)
  A mummy priest (Zig:16)
  A juggernaut simulacrum (Zig:25)
  A hell beast (Pan)
  A dancing weapon (Zig:7)
  35 death scarabs (Tomb:2)
  3 hell hogs
  A titan zombie (Geh:4)
  A skeletal warrior (Tomb:2)
  A deep elf mage (Crypt:2)
  2 wizards
  An ugly thing (Depths:5)
  A rust devil (Dis:2)
  A hellion (Geh:4)
  A rime drake (Zig:17)
  A yaktaur (Zig:27)
  A tormentor (Pan)
  A harpy skeleton (Geh:4)
  4 flying skulls
  A shadow (Geh:4)
  A ynoxinul (Pan)
  A wraith (Zig:21)
  An ettin skeleton (Geh:5)
  A fire elemental (Geh:1)
  4 hell hounds
  An orc warrior (Vaults:4)
  A slave (D:8)
  2 necrophages (Geh:4)
  3 killer bees (Abyss:4)
  A wight (Geh:4)
  A starcursed mass (Zig:25)
  A centaur zombie (Crypt:1)
  An iron imp (Dis:7)
  A worker ant (D:12)
  2 mummies
  A howler monkey zombie (D:8)
  A white imp (Zig:24)
  13 ball lightnings (Pan)
  2 orcs
  A crawling corpse (Elf:3)
  13 fungi (Lair:6)
  A lurking horror (Abyss:4)
  47 plants
  21 starspawn tentacles
  42 tentacles
230 creatures vanquished.

Grand Total: 7591 creatures vanquished

Notes
Turn   | Place    | Note
-------+----------+-------------------------------------------
     0 | D:1      | GordonOverkill the Ghoul Summoner began the quest for the Orb.
     0 | D:1      | Reached XP level 1. HP: 14/14 MP: 2/2
    16 | D:1      | Reached skill level 1 in Unarmed Combat
   243 | D:1      | Reached XP level 2. HP: 15/20 MP: 0/3
   607 | D:1      | Reached XP level 3. HP: 22/26 MP: 5/5
  1269 | D:2      | Reached XP level 4. HP: 31/33 MP: 6/6
  1276 | D:2      | Noticed Jessica
  1331 | D:2      | Killed Jessica
  1394 | D:2      | Learned a level 2 spell: Blink
  1450 | D:2      | Found a shattered altar of Ashenzari.
  1616 | D:2      | Reached XP level 5. HP: 36/38 MP: 7/7
  1984 | D:3      | Reached skill level 5 in Unarmed Combat
  2022 | D:3      | Found a glowing silver altar of Zin.
  2132 | D:3      | Noticed a phantom
  2191 | D:3      | Killed a phantom
  2191 | D:3      | Reached skill level 1 in Fighting
  2191 | D:3      | Reached XP level 6. HP: 28/48 MP: 8/8
  2435 | D:3      | Noticed Natasha
  2449 | D:3      | Killed Natasha
  2608 | D:3      | Reached XP level 7. HP: 56/57 MP: 9/9
  3009 | D:4      | Noticed uvhash's ghost (amateur DsAK)
  3830 | D:4      | Killed uvhash's ghost
  3888 | D:4      | Reached XP level 8. HP: 56/63 MP: 10/10
  3995 | D:4      | Found an ancient bone altar of Kikubaaqudgha.
  4067 | D:5      | Entered Level 5 of the Dungeon
  4150 | D:5      | Noticed uvhash's ghost (novice DsAK)
  4200 | D:5      | Killed uvhash's ghost
  4200 | D:5      | Reached skill level 10 in Unarmed Combat
  4330 | D:5      | Found a staircase to the Ecumenical Temple.
  4443 | Temple   | Entered the Ecumenical Temple
  4612 | Temple   | Became a worshipper of Warmaster Okawaru
  4886 | D:6      | Noticed uvhash's ghost (novice DsEE)
  4914 | D:6      | Killed uvhash's ghost
  4914 | D:6      | Reached XP level 9. HP: 52/69 MP: 11/11
  5272 | D:6      | Reached * piety under Okawaru
  5838 | D:6      | Found a basalt altar of Yredelemnul.
  6192 | D:7      | Reached skill level 5 in Invocations
  6847 | D:8      | Reached ** piety under Okawaru
  6883 | D:8      | Reached XP level 10. HP: 74/77 MP: 12/12
  6923 | D:8      | Found a basalt altar of Yredelemnul.
  7106 | D:8      | Noticed Pikel
  7127 | D:8      | Killed Pikel
  7127 | D:8      | Reached *** piety under Okawaru
  7167 | D:8      | Noticed a two-headed ogre
  7176 | D:8      | Killed a two-headed ogre
  7363 | D:8      | Found Ceffev's Antique Weapon Boutique.
  7376 | D:8      | Reached **** piety under Okawaru
  7660 | D:8      | Reached skill level 15 in Unarmed Combat
  8011 | D:8      | Found a staircase to the Lair.
  8348 | D:9      | Found a white marble altar of Elyvilon.
  8408 | D:9      | Reached XP level 11. HP: 82/82 MP: 11/13
  8540 | D:9      | Noticed a two-headed ogre
  8550 | D:9      | Killed a two-headed ogre
  8550 | D:9      | Reached skill level 5 in Fighting
  8564 | D:9      | Found a white marble altar of Elyvilon.
  8793 | D:9      | Found a deep blue altar of Sif Muna.
  8908 | D:10     | Entered Level 10 of the Dungeon
  8954 | D:10     | Reached ***** piety under Okawaru
  9358 | D:10     | Found Vickik Isut's Antique Armour Shoppe.
  9369 | D:10     | Bought a helmet for 117 gold pieces
  9547 | D:10     | Noticed Maurice
  9564 | D:10     | Killed Maurice
  9854 | D:11     | Received a gift from Okawaru
  9859 | D:11     | Got a pitted crystal plate armour {god gift}
  9860 | D:11     | Identified the +7 crystal plate armour of the Voivode {rElec Str+3} (Okawaru gifted it to you on level 11 of the Dungeon)
 10188 | D:11     | Found a bloodstained altar of Trog.
 10191 | D:11     | Noticed a wizard
 10198 | D:11     | Killed a wizard
 10285 | D:11     | Reached skill level 10 in Fighting
 10369 | D:11     | Noticed a cyclops
 10374 | D:11     | Reached skill level 1 in Armour
 10384 | D:11     | Killed a cyclops
 10469 | D:11     | Found a staircase to the Orcish Mines.
 10507 | D:11     | Reached XP level 12. HP: 106/106 MP: 11/14
 10652 | D:11     | Found Nudued's General Store.
 10655 | D:11     | Bought a potion of haste for 130 gold pieces
 10776 | D:12     | Reached skill level 5 in Armour
 11618 | D:13     | Received a gift from Okawaru
 11775 | D:13     | Noticed a two-headed ogre
 11780 | D:13     | Killed a two-headed ogre
 11881 | D:13     | Reached skill level 10 in Armour
 11986 | D:13     | Reached XP level 13. HP: 108/113 MP: 13/15
 12319 | Lair:1   | Entered Level 1 of the Lair of Beasts
 13193 | Lair:2   | Noticed Gastronok
 13216 | Lair:2   | Killed Gastronok
 13379 | Lair:2   | Noticed Nergalle
 13394 | Lair:2   | Killed Nergalle
 13528 | Lair:2   | Found a hole to the Spider Nest.
 13590 | Lair:2   | Found a staircase to the Shoals.
 13878 | Lair:2   | Received a gift from Okawaru
 15157 | Lair:4   | Reached skill level 5 in Dodging
 15577 | Lair:4   | Reached XP level 14. HP: 118/121 MP: 16/16
 16206 | Lair:5   | Found a labyrinth entrance.
 16215 | Lab      | Entered a labyrinth
 16640 | Lair:5   | Reached ****** piety under Okawaru
 17242 | Lair:6   | Entered Level 6 of the Lair of Beasts
 17348 | Lair:6   | Identified a scroll of acquirement
 17351 | Lair:6   | Got a faintly glowing copper ring
 17352 | Lair:6   | Identified the ring of Xom's Delight {rPois rN+ Str+3 Dex+6} (You acquired it on level 6 of the Lair of Beasts)
 17417 | Lair:6   | Found a runed door.
 17418 | Lair:6   | Found a viscous altar of Jiyva.
 17418 | Lair:6   | Found a staircase to the Slime Pits.
 17495 | Lair:6   | Received a gift from Okawaru
 17562 | Lair:6   | Reached skill level 10 in Dodging
 17922 | Lair:6   | Received a gift from Okawaru
 19112 | D:14     | Reached skill level 10 in Invocations
 19269 | D:14     | Reached XP level 15. HP: 127/127 MP: 18/21
 19622 | D:14     | Found a gate to the Vaults.
 19827 | D:14     | Got a bound steel ring
 19918 | D:15     | Entered Level 15 of the Dungeon
 20019 | D:15     | Found a staircase to the Depths.
 20349 | D:15     | Received a gift from Okawaru
 20357 | D:15     | Got a pair of transparent boots {god gift}
 20358 | D:15     | Identified the ring "Zeono" {Ice Int+2 Slay+3} (You found it on level 14 of the Dungeon)
 20359 | D:15     | Identified the +0 pair of boots of the Saviour {rF- rC++ MR+ Int+4} (Okawaru gifted it to you on level 15 of the Dungeon)
 20513 | D:15     | Found a burning altar of Makhleb.
 21242 | Orc:1    | Entered Level 1 of the Orcish Mines
 21332 | Orc:1    | You fall through a shaft!
 21332 | Orc:2    | Entered Level 2 of the Orcish Mines
 21497 | Orc:2    | Found a staircase to the Elven Halls.
 21501 | Orc:2    | Found a frozen archway.
 21532 | IceCv    | Entered an ice cave
 21999 | IceCv    | Noticed a frost giant
 22020 | IceCv    | Killed a frost giant
 22049 | IceCv    | Reached skill level 15 in Fighting
 22315 | Orc:2    | Found Topnias's Antique Weapon Shop.
 22353 | Orc:2    | Reached XP level 16. HP: 129/149 MP: 16/22
 22386 | Orc:2    | Received a gift from Okawaru
 22473 | Orc:2    | Found Jyihucro's Armour Boutique.
 22495 | Orc:2    | Found Delixac's Jewellery Emporium.
 22511 | Orc:2    | Found Wasuzuischy's General Store.
 22514 | Orc:2    | Bought the ring of Zuuj {*Drain rF+ rC+ Str+5} for 570 gold pieces
 22518 | Orc:2    | Bought a cursed amulet of regeneration for 351 gold pieces
 22527 | Orc:2    | Bought a scroll of enchant armour for 97 gold pieces
 22724 | Orc:1    | Noticed Harold
 22741 | Orc:1    | Killed Harold
 23390 | Orc:1    | Found a deep blue altar of Sif Muna.
 23406 | Orc:1    | Identified Sif Muna's Guide on Translocation
 23822 | Spider:1 | Entered Level 1 of the Spider Nest
 23940 | Spider:1 | Noticed Josephine
 23952 | Spider:1 | Killed Josephine
 24171 | Spider:1 | Noticed Azrael
 24231 | Spider:1 | Killed Azrael
 24749 | Spider:1 | Noticed Frances
 24771 | Spider:1 | Killed Frances
 25735 | Spider:2 | Reached XP level 17. HP: 150/166 MP: 23/23
 26114 | Spider:3 | Received a gift from Okawaru
 26175 | Spider:3 | Got a flickering jade ring
 26176 | Spider:3 | Identified the ring of Amelioration {MP+9 Int+4} (You acquired it on level 3 of the Spider Nest)
 27247 | Spider:4 | Entered Level 4 of the Spider Nest
 27273 | Spider:4 | Noticed Donald
 27296 | Spider:4 | Killed Donald
 27831 | Spider:4 | Noticed Arachne
 27867 | Spider:4 | Killed Arachne
 27867 | Spider:4 | Received a gift from Okawaru
 28238 | Spider:4 | Reached skill level 1 in Evocations
 28238 | Spider:4 | Reached XP level 18. HP: 106/176 MP: 3/24
 28393 | Spider:4 | Got a gossamer rune of Zot
 28985 | Vaults:1 | Entered Level 1 of the Vaults
 29045 | Vaults:1 | Paralysed by a wizard for 3 turns
 29257 | Vaults:1 | Received a gift from Okawaru
 29428 | Vaults:1 | Reached skill level 5 in Evocations
 29437 | Vaults:1 | Reached skill level 1 in Shields
 29967 | Vaults:1 | Reached skill level 5 in Shields
 30250 | Vaults:2 | Received a gift from Okawaru
 30268 | Vaults:2 | Got a crude hat {god gift}
 30269 | Vaults:2 | Identified the +0 hat "Foraest" {Dex+3} (Okawaru gifted it to you on level 2 of the Vaults)
 31532 | Vaults:2 | Reached XP level 19. HP: 185/185 MP: 25/25
 31648 | Vaults:2 | Found Xalyegoved's Gadget Emporium.
 31780 | Vaults:3 | Reached skill level 10 in Shields
 31838 | Vaults:3 | Found a staircase to the Crypt.
 32010 | Vaults:3 | Found Bar Pak's Food Emporium.
 32354 | Vaults:3 | Received a gift from Okawaru
 33200 | Vaults:4 | Received a gift from Okawaru
 33522 | Vaults:4 | Reached XP level 20. HP: 146/193 MP: 22/26
 33577 | Vaults:4 | Received a gift from Okawaru
 33991 | Vaults:4 | Found Qyafiwn's Book Shoppe.
 34200 | Vaults:5 | Entered Level 5 of the Vaults
 34291 | Vaults:4 | Reached skill level 15 in Shields
 34313 | Vaults:4 | Received a gift from Okawaru
 34778 | Vaults:5 | Noticed an ancient lich
 34801 | Vaults:5 | Killed an ancient lich
 34801 | Vaults:5 | Received a gift from Okawaru
 34825 | Vaults:5 | Found Fageyx's Magic Scroll Shoppe.
 34883 | Vaults:5 | Got a scintillating bone amulet
 34884 | Vaults:5 | Identified the amulet "Viempyn" {Spirit Str+2 Dex+4 Slay+3} (You found it on level 5 of the Vaults)
 34897 | Vaults:5 | Got a brightly glowing bronze ring
 34903 | Vaults:5 | Identified the ring of Ylykaorch {Fire +Blink} (You found it on level 5 of the Vaults)
 34943 | Vaults:5 | Bought a scroll of teleportation for 39 gold pieces
 34943 | Vaults:5 | Bought a scroll of silence for 97 gold pieces
 35036 | Vaults:5 | Reached XP level 21. HP: 165/201 MP: 15/27
 35341 | Vaults:5 | Received a gift from Okawaru
 35613 | Vaults:5 | Noticed an ancient lich
 35625 | Vaults:5 | Killed an ancient lich
 35774 | Vaults:5 | Got a silver rune of Zot
 35825 | Vaults:5 | Received a gift from Okawaru
 35910 | Vaults:5 | Identified First Steps in the Arcane Arts
 36078 | Vaults:5 | Noticed a golden dragon
 36086 | Vaults:5 | Killed a golden dragon
 36217 | Vaults:5 | Noticed a golden dragon
 36223 | Vaults:5 | a golden dragon changed into an iron dragon
 36778 | Shoals:1 | Entered Level 1 of the Shoals
 36786 | Shoals:1 | Noticed Nikola
 36793 | Shoals:1 | Noticed Louise
 36800 | Shoals:1 | Killed Nikola
 37136 | Shoals:1 | Killed Louise
 37136 | Shoals:1 | Reached XP level 22. HP: 209/209 MP: 21/28
 38349 | Shoals:1 | Received a gift from Okawaru
 40414 | Shoals:4 | Entered Level 4 of the Shoals
 40418 | Shoals:4 | Got a pair of ancient gloves
 40423 | Shoals:4 | Identified the +2 pair of gloves "Ecwinkal" {rN+ Dex+4} (You acquired it on level 4 of the Shoals)
 40611 | Shoals:4 | Got a barnacled rune of Zot
 40667 | Shoals:4 | Received a gift from Okawaru
 40684 | Shoals:4 | Got a jewelled shield {god gift}
 40696 | Shoals:4 | Identified the +0 shield of the Thinker {rF++ Regen+ Str+8 Int-2} (Okawaru gifted it to you on level 4 of the Shoals)
 41041 | Shoals:4 | Noticed Ilsuiw
 41067 | Shoals:4 | Killed Ilsuiw
 41314 | Shoals:4 | Got a wavering iron ring
 41760 | Depths:1 | Entered Level 1 of the Depths
 41867 | Depths:1 | Found Aserr's General Store.
 41933 | Depths:1 | Bought a scroll of fear for 45 gold pieces
 41933 | Depths:1 | Bought a potion of agility for 52 gold pieces
 41935 | Depths:1 | Found a corrupted altar of Lugonu.
 41936 | Depths:1 | Found a one-way gate to the infinite horrors of the Abyss.
 42043 | Depths:1 | Found a gateway to Hell.
 42126 | Depths:1 | Reached XP level 23. HP: 209/215 MP: 27/29
 42589 | Depths:2 | Received a gift from Okawaru
 42666 | Depths:2 | Found a transporter.
 43107 | Depths:3 | Found Oroschuxa's General Store.
 43141 | Depths:3 | Bought a scroll of fog for 28 gold pieces
 43141 | Depths:3 | Bought a scroll of fear for 49 gold pieces
 43141 | Depths:3 | Bought a wand of digging (12) for 448 gold pieces
 43182 | Depths:3 | Noticed a golden dragon
 43195 | Depths:3 | Killed a golden dragon
 43197 | Depths:3 | Killed a ghostly golden dragon
 43203 | Depths:3 | Received a gift from Okawaru
 43439 | Depths:3 | Noticed a golden dragon
 43447 | Depths:3 | Killed a golden dragon
 43476 | Depths:3 | Noticed a juggernaut
 43488 | Depths:3 | Killed a juggernaut
 43564 | Depths:3 | Found Paarunen's Island Escapes.
 43685 | Depths:3 | Received a gift from Okawaru
 43940 | Depths:3 | Found a one-way gate leading to the halls of Pandemonium.
 44305 | Depths:4 | Reached XP level 24. HP: 216/224 MP: 29/29
 44381 | Depths:4 | Found the ring of the Mage {Wiz MR++ Int+3}
 44550 | Depths:4 | Received a gift from Okawaru
 44571 | Depths:4 | Found the +8 Wrath of Trog {antimagic, *Rage}
 44610 | Depths:4 | Identified the ring of Kesatz {rC+ Dex+3} (You found it on level 4 of the Shoals)
 44653 | Depths:4 | Identified Duob Iroisk's Handbook of Gliding Battle Magic
 44782 | Depths:4 | Found Nooblos's Jewellery Shoppe.
 44880 | Depths:5 | Entered Level 5 of the Depths
 44892 | Depths:5 | Found a gateway to a ziggurat.
 45055 | Depths:5 | Found a sacrificial altar of Ru.
 45136 | Depths:5 | Found Sungicur's Weapon Shoppe.
 45718 | Depths:5 | Received a gift from Okawaru
 45731 | Depths:5 | Found a gate to the Realm of Zot.
 45959 | Zot:1    | Entered Level 1 of the Realm of Zot
 46180 | Zot:1    | Noticed an orb of fire
 46208 | Zot:1    | Killed an orb of fire
 46240 | Zot:1    | Noticed a curse toe
 46274 | Zot:1    | Killed a curse toe
 46287 | Zot:1    | Received a gift from Okawaru
 46487 | Zot:1    | Reached XP level 25. HP: 226/243 MP: 15/29
 47718 | Elf:1    | Entered Level 1 of the Elven Halls
 48146 | Elf:1    | Noticed Roxanne
 48165 | Elf:1    | Killed Roxanne
 48676 | Elf:2    | Found a portal to a secret trove of treasure.
 48927 | Elf:2    | Found a huge runed gate.
 48927 | Elf:2    | Found a huge runed gate.
 48929 | Elf:2    | Found a huge runed gate.
 49581 | Elf:3    | Entered Level 3 of the Elven Halls
 49713 | Elf:3    | Received a gift from Okawaru
 49730 | Elf:3    | Got a pair of faintly glowing boots {god gift}
 49731 | Elf:3    | Identified the +0 pair of boots of Anarchy {rElec rCorr Dex+9 Slay-4} (Okawaru gifted it to you on level 3 of the Elven Halls)
 50956 | Elf:2    | You paid a toll of a +7 demon blade to enter a treasure trove
 50957 | Trove    | Entered a treasure trove
 50965 | Trove    | Got a steaming lapis lazuli ring
 50967 | Trove    | Got a flickering pewter ring
 50972 | Trove    | Got a pitted steel amulet
 50988 | Trove    | Got a steaming garnet amulet
 50989 | Trove    | Identified the amulet "Winaocs" {Harm *Drain MR+} (You found it in a treasure trove)
 50990 | Trove    | Identified the amulet "Yxoaguul" {RegenMP Str+4} (You found it in a treasure trove)
 50991 | Trove    | Identified the ring "Icosteel" {*Corrode rF++ MR+ Int+5} (You found it in a treasure trove)
 50992 | Trove    | Identified the ring of Luirr {rN+ MR+ Str+2 Int+2 Dex+2} (You found it in a treasure trove)
 51119 | Elf:3    | Noticed Bai Suzhen
 51141 | Elf:3    | Killed Bai Suzhen
 51204 | Elf:3    | Reached XP level 26. HP: 209/259 MP: 29/29
 51900 | Elf:3    | Got a bound iron ring
 52177 | Elf:3    | Got a wavering ruby amulet
 52200 | Elf:3    | Identified the ring "Ysoll" {Ice rN+ MR+ Dex+6} (You took it off a deep elf archer on level 3 of the Elven Halls)
 52243 | Elf:3    | Identified the Incunabulum of Ignition and the Frostbite
 52254 | Elf:3    | Got a brightly glowing bronze ring
 52267 | Elf:3    | Got a bound lapis lazuli ring
 52300 | Elf:3    | Identified the Catalogue of Hedging
 52360 | Elf:3    | Identified the amulet of New Discoveries {Reflect MR+ SH+4} (You found it on level 3 of the Elven Halls)
 52363 | Elf:3    | Identified the ring of Butchery {Str+3 Stlth-} (You found it on level 3 of the Elven Halls)
 52365 | Elf:3    | Identified the ring "Meikeo" {Wiz rPois rF- MP+9} (You found it on level 3 of the Elven Halls)
 52926 | Zot:2    | Reached skill level 27 in Fighting
 52955 | Zot:2    | Received a gift from Okawaru
 53001 | Zot:2    | Noticed an orb of fire
 53029 | Zot:2    | Killed an orb of fire
 53443 | Zot:2    | You fall through a shaft for 2 floors!
 53568 | Zot:4    | Got a sparkling ivory ring
 53571 | Zot:4    | Identified the ring "Rif Uvewk" {Ice rN+} (You found it on level 4 of the Realm of Zot)
 53781 | Zot:4    | Reached XP level 27. HP: 218/273 MP: 21/29
 54357 | Zot:3    | Received a gift from Okawaru
 54753 | Zot:3    | Reached skill level 15 in Dodging
 55514 | Zot:5    | Entered Level 5 of the Realm of Zot
 55961 | Zot:5    | Received a gift from Okawaru
 56002 | Zot:5    | Noticed an ancient lich
 56011 | Zot:5    | Noticed an orb of fire
 56015 | Zot:5    | Killed an ancient lich
 56018 | Zot:5    | Noticed an ancient lich
 56024 | Zot:5    | Killed an orb of fire
 56045 | Zot:5    | Killed an ancient lich
 56066 | Zot:5    | Noticed an ancient lich
 56067 | Zot:5    | Noticed an ancient lich
 56075 | Zot:5    | Killed an ancient lich
 56086 | Zot:5    | Killed an ancient lich
 56325 | Zot:5    | Noticed an orb of fire
 56343 | Zot:5    | Killed an orb of fire
 56358 | Zot:5    | Noticed an ancient lich
 56365 | Zot:5    | Noticed an orb of fire
 56371 | Zot:5    | Killed an ancient lich
 56373 | Zot:5    | Noticed an orb of fire
 56381 | Zot:5    | Killed an orb of fire
 56381 | Zot:5    | Received a gift from Okawaru
 56400 | Zot:5    | Killed an orb of fire
 56604 | Zot:5    | Noticed an ancient lich
 56615 | Zot:5    | Killed an ancient lich
 56713 | Zot:5    | Noticed an orb of fire
 56732 | Zot:5    | Noticed an ancient lich
 56736 | Zot:5    | Killed an orb of fire
 56736 | Zot:5    | Received a gift from Okawaru
 56737 | Zot:5    | Noticed an orb of fire
 56745 | Zot:5    | Killed an ancient lich
 56761 | Zot:5    | Killed an orb of fire
 57617 | Temple   | Fell from the grace of Okawaru
 57617 | Temple   | Became a worshipper of Makhleb the Destroyer
 57987 | Crypt:1  | Entered Level 1 of the Crypt
 58036 | Crypt:1  | Reached skill level 27 in Unarmed Combat
 58131 | Crypt:1  | Reached * piety under Makhleb
 58884 | Crypt:2  | Reached skill level 15 in Armour
 58886 | Crypt:2  | Noticed Frederick
 58896 | Crypt:2  | Reached ** piety under Makhleb
 58910 | Crypt:2  | Killed Frederick
 59095 | Crypt:2  | Noticed Sojobo
 59119 | Crypt:2  | Killed Sojobo
 59319 | Crypt:2  | Reached *** piety under Makhleb
 59868 | Crypt:3  | Entered Level 3 of the Crypt
 60095 | Crypt:3  | Found an ancient bone altar of Kikubaaqudgha.
 60119 | Crypt:3  | Reached **** piety under Makhleb
 60327 | Crypt:3  | Found a staircase to the Tomb.
 60464 | Crypt:3  | Reached ***** piety under Makhleb
 60557 | Crypt:3  | Found an ancient bone altar of Kikubaaqudgha.
 60684 | Crypt:3  | Got a warped jade ring
 60684 | Crypt:3  | Got a steaming tin ring
 60684 | Crypt:3  | Got a warped silver ring
 60704 | Crypt:3  | Identified the ring "Qovar" {rN+ Slay+2} (You found it on level 3 of the Crypt)
 60705 | Crypt:3  | Identified the ring "Xamu" {rN+ MP+9 Str+3 Int+3} (You found it on level 3 of the Crypt)
 60706 | Crypt:3  | Identified the ring "Icuowna" {+Inv rElec rN+} (You found it on level 3 of the Crypt)
 60722 | Crypt:3  | Got a vibrating crystal amulet
 60723 | Crypt:3  | Identified the amulet "Geoshruuc" {Faith *Drain Slay+4 Stlth+} (You found it on level 3 of the Crypt)
 61277 | Crypt:3  | Found an ancient bone altar of Kikubaaqudgha.
 61774 | Crypt:2  | Was forgiven by Okawaru
 62118 | Hell     | Entered the Vestibule of Hell
 62118 | Hell     | Noticed Geryon
 62360 | Hell     | Killed Geryon
 62517 | Hell     | Reached ****** piety under Makhleb
 62658 | Hell     | Found a gateway to the decaying netherworld of Tartarus.
 62795 | Hell     | Found a gateway to the freezing wastes of Cocytus.
 62906 | Hell     | Found a gateway to the Iron City of Dis.
 62971 | Hell     | Found a gateway to the ashen valley of Gehenna.
 63562 | Slime:1  | Entered Level 1 of the Pits of Slime
 63794 | Slime:5  | Entered Level 5 of the Pits of Slime
 63802 | Slime:4  | Reached skill level 15 in Invocations
 64259 | Slime:5  | Noticed the Royal Jelly
 64695 | Slime:5  | Found a viscous altar of Jiyva.
 64696 | Slime:5  | Found the +12 glaive of Prune {chop}
 64749 | Slime:5  | Killed the Royal Jelly
 64946 | Slime:5  | Got a translucent helmet
 64947 | Slime:5  | Identified the +2 helmet of Shielding {rPois rF+ MR+ Str-5} (You found it on level 5 of the Pits of Slime)
 64954 | Slime:5  | Got a slimy rune of Zot
 64955 | Slime:5  | Identified Sif Muna's Disquisition on Changing
 65625 | Depths:1 | Voluntarily entered the Abyss.
 65729 | Abyss:1  | Noticed an ancient lich
 65740 | Abyss:1  | Killed an ancient lich
 65783 | Abyss:1  | Paralysed by you for 3 turns
 66166 | Abyss:2  | Paralysed by accursed screaming for 2 turns
 66181 | Abyss:2  | Paralysed by accursed screaming for 2 turns
 66188 | Abyss:2  | Paralysed by accursed screaming for 2 turns
 66532 | Abyss:3  | Got a vibrating sapphire amulet
 66533 | Abyss:3  | Identified the amulet "Ugeshrep" {Inacc Str+2 Dex+7} (You found it on level 3 of the Abyss)
 66582 | Abyss:3  | Found a corrupted altar of Lugonu.
 66597 | Abyss:3  | Found a corrupted altar of Lugonu.
 67140 | Abyss:4  | Got an abyssal rune of Zot
 67301 | Depths:1 | Escaped the Abyss
 67458 | D:11     | Bought a scroll of magic mapping for 45 gold pieces
 67458 | D:11     | Bought a potion of agility for 52 gold pieces
 67458 | D:11     | Bought a potion of might for 52 gold pieces
 67728 | Tomb:1   | Entered Level 1 of the Tomb of the Ancients
 68229 | Tomb:1   | Noticed a greater mummy
 68249 | Tomb:1   | Killed a greater mummy
 68250 | Tomb:1   | Noticed a greater mummy
 68261 | Tomb:1   | Noticed Jory
 68262 | Tomb:1   | Noticed a greater mummy
 68308 | Tomb:1   | Killed a greater mummy
 68319 | Tomb:1   | Killed Jory
 68327 | Tomb:1   | Killed a greater mummy
 68721 | Tomb:2   | Noticed a greater mummy
 68731 | Tomb:2   | Noticed a greater mummy
 68734 | Tomb:2   | Noticed a greater mummy
 68737 | Tomb:2   | Killed a greater mummy
 68737 | Tomb:2   | Reached skill level 1 in Throwing
 68780 | Tomb:2   | Noticed a greater mummy
 68796 | Tomb:2   | Killed a greater mummy
 68901 | Tomb:2   | Killed a greater mummy
 68919 | Tomb:2   | Killed a greater mummy
 69305 | Tomb:1   | Noticed a greater mummy
 69306 | Tomb:1   | Noticed a greater mummy
 69308 | Tomb:1   | Noticed a greater mummy
 69315 | Tomb:1   | Killed a greater mummy
 69324 | Tomb:1   | Killed a greater mummy
 69324 | Tomb:1   | Reached skill level 5 in Throwing
 69331 | Tomb:1   | Killed a greater mummy
 69333 | Tomb:1   | Noticed a greater mummy
 69347 | Tomb:1   | Killed a greater mummy
 69388 | Tomb:1   | Noticed a greater mummy
 69403 | Tomb:1   | Killed a greater mummy
 69424 | Tomb:1   | Noticed a greater mummy
 69432 | Tomb:1   | Killed a greater mummy
 69436 | Tomb:1   | Noticed a greater mummy
 69444 | Tomb:1   | Killed a greater mummy
 69453 | Tomb:1   | Noticed a greater mummy
 69464 | Tomb:1   | Killed a greater mummy
 69471 | Tomb:1   | Noticed a greater mummy
 69481 | Tomb:1   | Noticed a greater mummy
 69484 | Tomb:1   | Killed a greater mummy
 69495 | Tomb:1   | Killed a greater mummy
 69529 | Tomb:1   | Noticed a greater mummy
 69536 | Tomb:1   | Noticed a greater mummy
 69541 | Tomb:1   | Killed a greater mummy
 69552 | Tomb:1   | Killed a greater mummy
 69563 | Tomb:1   | Noticed a greater mummy
 69567 | Tomb:1   | Noticed a greater mummy
 69574 | Tomb:1   | Noticed a greater mummy
 69578 | Tomb:1   | Noticed a greater mummy
 69578 | Tomb:1   | Killed a greater mummy
 69590 | Tomb:1   | Killed a greater mummy
 69597 | Tomb:1   | Killed a greater mummy
 69607 | Tomb:1   | Killed a greater mummy
 70504 | Depths:3 | Bought a scroll of immolation for 49 gold pieces
 72468 | Tomb:3   | Entered Level 3 of the Tomb of the Ancients
 72484 | Tomb:3   | Noticed a greater mummy
 72537 | Tomb:3   | Killed a greater mummy
 72605 | Tomb:3   | Noticed a greater mummy
 72613 | Tomb:3   | Killed a greater mummy
 72613 | Tomb:3   | Reached skill level 10 in Throwing
 72615 | Tomb:3   | Noticed a greater mummy
 72615 | Tomb:3   | Noticed an ancient lich
 72615 | Tomb:3   | Noticed Mennas
 72622 | Tomb:3   | Killed Mennas
 72627 | Tomb:3   | Killed an ancient lich
 72630 | Tomb:3   | Killed a greater mummy
 72812 | Tomb:3   | Found the +7 sceptre of Torment
 72850 | Tomb:3   | Got a flickering copper amulet
 72873 | Tomb:3   | Identified Plog's Volume of Evil Boosts
 72879 | Tomb:3   | Learned a level 3 spell: Regeneration
 72886 | Tomb:3   | Learned a level 6 spell: Deflect Missiles
 72895 | Tomb:3   | Identified the amulet "Racoichu" {-Tele +Rage rN++ Dex+5} (You found it on level 3 of the Tomb of the Ancients)
 72930 | Tomb:3   | Noticed a greater mummy
 72940 | Tomb:3   | Killed a greater mummy
 72948 | Tomb:3   | Identified the Grimoire of Freezing Moulding
 72979 | Tomb:3   | Noticed a greater mummy
 72990 | Tomb:3   | Killed a greater mummy
 72994 | Tomb:3   | Noticed a greater mummy
 72995 | Tomb:3   | Noticed a greater mummy
 73000 | Tomb:3   | Killed a greater mummy
 73009 | Tomb:3   | Killed a greater mummy
 73084 | Tomb:3   | Got a golden rune of Zot
 73178 | Tomb:3   | Noticed a greater mummy
 73190 | Tomb:3   | Killed a greater mummy
 73357 | Tomb:3   | Learned a level 2 spell: Passwall
 73819 | Tar:1    | Entered Level 1 of Tartarus
 78941 | Tar:7    | Entered Level 7 of Tartarus
 79246 | Tar:7    | Noticed the Serpent of Hell
 79269 | Tar:7    | Killed the Serpent of Hell
 79344 | Tar:7    | Noticed Ereshkigal
 79367 | Tar:7    | Killed Ereshkigal
 79422 | Tar:7    | Got a bone rune of Zot
 79835 | Tar:7    | Reached skill level 27 in Armour
 80404 | Tar:7    | Got a smoking ruby amulet
 80405 | Tar:7    | Identified the amulet "Wuxzyice" {Faith rF++ rC+ Dex+2} (You found it on level 7 of Tartarus)
 82109 | Geh:1    | Entered Level 1 of Gehenna
 87161 | Geh:7    | Entered Level 7 of Gehenna
 88050 | Geh:7    | Noticed Asmodeus
 88069 | Geh:7    | Killed Asmodeus
 88076 | Geh:7    | Got an obsidian rune of Zot
 88527 | Dis:1    | Entered Level 1 of the Iron City of Dis
 89139 | Dis:1    | Found a burning altar of Makhleb.
 89734 | Dis:2    | Reached skill level 27 in Dodging
 93706 | Dis:7    | Entered Level 7 of the Iron City of Dis
 95019 | Dis:7    | Got a faintly glowing amethyst amulet
 95033 | Dis:7    | Identified the Volume of Helpful Malediction
 95615 | Dis:7    | Noticed Dispater
 95644 | Dis:7    | Killed Dispater
 95685 | Dis:7    | Got an iron rune of Zot
 95687 | Dis:7    | Got a warped turquoise ring
 95688 | Dis:7    | Identified the amulet "Cimy" {Inacc -Tele rPois MP+9 Str-3} (You found it on level 7 of the Iron City of Dis)
 95689 | Dis:7    | Identified the ring "Jacaurit" {rPois MP+9 Str+4 Stlth+} (You found it on level 7 of the Iron City of Dis)
 95849 | Coc:1    | Entered Level 1 of Cocytus
 97825 | Coc:2    | Reached skill level 27 in Shields
100030 | Coc:5    | Noticed an ancient lich
100044 | Coc:5    | Killed an ancient lich
101906 | Coc:7    | Entered Level 7 of Cocytus
102987 | Coc:7    | Noticed Antaeus
103023 | Coc:7    | Killed Antaeus
103045 | Coc:7    | Found the +10 Black Knight's horse barding {ponderous, rPois rN+}
103080 | Coc:7    | Got an icy rune of Zot
103653 | Pan      | Entered Pandemonium
103810 | Pan      | Found an exit through the horrors of the Abyss.
103964 | Pan      | Reached skill level 27 in Invocations
103967 | Pan      | Reached skill level 1 in Translocations
104118 | Pan      | Reached skill level 5 in Translocations
104171 | Pan      | Noticed Tucoamio the pandemonium lord
104180 | Pan      | Killed Tucoamio the pandemonium lord
104740 | Pan      | Found an exit through the horrors of the Abyss.
105062 | Pan      | Noticed Polap the pandemonium lord
105077 | Pan      | Killed Polap the pandemonium lord
105358 | Pan      | Reached skill level 10 in Translocations
105446 | Pan      | Noticed Tyra the pandemonium lord
105470 | Pan      | Killed Tyra the pandemonium lord
105752 | Pan      | Got a demonic rune of Zot
105793 | Pan      | Entered the realm of Mnoleg.
106105 | Pan      | Paralysed by a floating eye for 4 turns
106117 | Pan      | Paralysed by a floating eye for 3 turns
106195 | Pan      | Lost intelligence.
106221 | Pan      | Noticed Mnoleg
106267 | Pan      | Killed Mnoleg
106296 | Pan      | Lost intelligence.
106384 | Pan      | Got a glowing rune of Zot
107114 | Pan      | Reached skill level 15 in Translocations
107300 | Pan      | Noticed Kuentec the pandemonium lord
107309 | Pan      | Killed Kuentec the pandemonium lord
107610 | Pan      | Entered the realm of Cerebov.
108750 | Pan      | Identified Goucru's Tome of Contamination and Evil
108874 | Pan      | Noticed Cerebov
108929 | Pan      | Killed Cerebov
108981 | Pan      | Got a fiery rune of Zot
109099 | Pan      | Noticed Raricid the pandemonium lord
109181 | Pan      | Killed Raricid the pandemonium lord
110082 | Pan      | Entered the realm of Gloorx Vloq.
110391 | Pan      | Noticed Gloorx Vloq
110413 | Pan      | Killed Gloorx Vloq
110436 | Pan      | Got a dark rune of Zot
111287 | Pan      | Noticed Caja the pandemonium lord
111292 | Pan      | Killed Caja the pandemonium lord
112048 | Pan      | Found a huge runed gate.
112215 | Pan      | Found an exit through the horrors of the Abyss.
112510 | Pan      | Noticed Votiy the pandemonium lord
112528 | Pan      | Killed Votiy the pandemonium lord
112817 | Pan      | Found an exit through the horrors of the Abyss.
113117 | Pan      | Noticed Zeoratia the pandemonium lord
113145 | Pan      | Killed Zeoratia the pandemonium lord
113253 | Pan      | Entered the realm of Lom Lobon.
113399 | Pan      | Found an exit through the horrors of the Abyss.
113706 | Pan      | Noticed Lom Lobon
113731 | Pan      | Killed Lom Lobon
113811 | Pan      | Got a magical rune of Zot
114233 | Pan      | Took an exit into the Abyss.
114233 | Abyss:1  | Escaped into the Abyss
114233 | Abyss:1  | Found a corrupted altar of Lugonu.
114319 | Depths:3 | Escaped the Abyss
114327 | Zig:1    | Entered Level 1 of a ziggurat
114349 | Zig:2    | Entered Level 2 of a ziggurat
114383 | Zig:3    | Entered Level 3 of a ziggurat
114412 | Zig:4    | Entered Level 4 of a ziggurat
114447 | Zig:5    | Entered Level 5 of a ziggurat
114510 | Zig:5    | Got a pair of jewelled boots
114511 | Zig:5    | Identified the +1 pair of boots of Voagroro {MR+ Str+7} (You acquired it on level 5 of a ziggurat)
114542 | Zig:6    | Entered Level 6 of a ziggurat
114625 | Zig:7    | Entered Level 7 of a ziggurat
114681 | Zig:7    | Got a warped golden ring
114682 | Zig:7    | Identified the ring of the Morning {rC+ Str+2 Dex+2} (You found it on level 7 of a ziggurat)
114691 | Zig:8    | Entered Level 8 of a ziggurat
114697 | Zig:8    | Noticed an ancient lich
114704 | Zig:8    | Killed an ancient lich
114747 | Zig:8    | Learned a level 9 spell: Shatter
114759 | Zig:9    | Entered Level 9 of a ziggurat
114841 | Zig:9    | Got a pair of faintly humming gloves
114842 | Zig:9    | Identified the +1 pair of gloves of the Harp {rCorr Str+7 Int-2} (You found it on level 9 of a ziggurat)
114867 | Zig:10   | Entered Level 10 of a ziggurat
114957 | Zig:11   | Entered Level 11 of a ziggurat
115031 | Zig:11   | Found the +10 large shield of Ignorance {rN+ Int-4}
115064 | Zig:12   | Entered Level 12 of a ziggurat
115150 | Zig:12   | Identified Julotwiu's Volume of Conjuration
115155 | Zig:12   | Identified the Almanac of Ice and Poisoning
115165 | Zig:13   | Entered Level 13 of a ziggurat
115174 | Zig:13   | Noticed Huun the pandemonium lord
115174 | Zig:13   | Noticed Ywocugap the pandemonium lord
115175 | Zig:13   | Noticed Zimous the pandemonium lord
115175 | Zig:13   | Noticed Cuef the pandemonium lord
115176 | Zig:13   | Noticed Kon Ijuoczo the pandemonium lord
115183 | Zig:13   | Paralysed by a floating eye for 4 turns
115197 | Zig:13   | Killed Ywocugap the pandemonium lord
115210 | Zig:13   | Killed Huun the pandemonium lord
115210 | Zig:13   | Reached skill level 5 in Spellcasting
115228 | Zig:13   | Killed Kon Ijuoczo the pandemonium lord
115253 | Zig:13   | Killed Zimous the pandemonium lord
115310 | Zig:13   | Killed Cuef the pandemonium lord
115364 | Zig:14   | Entered Level 14 of a ziggurat
115489 | Zig:14   | Reached skill level 10 in Spellcasting
115491 | Zig:14   | Identified the Almanac of Transmutation and Self-Improvement
115499 | Zig:14   | Learned a level 2 spell: Song of Slaying
115511 | Zig:15   | Entered Level 15 of a ziggurat
115517 | Zig:15   | Noticed an ancient lich
115535 | Zig:15   | Reached skill level 1 in Charms
115538 | Zig:15   | Killed an ancient lich
115544 | Zig:15   | Noticed an ancient lich
115569 | Zig:15   | Killed an ancient lich
115569 | Zig:15   | Reached skill level 5 in Charms
115649 | Zig:15   | Found the +4 dagger "Morg" {pain, MR+ Int+5}
115677 | Zig:16   | Entered Level 16 of a ziggurat
115693 | Zig:16   | Noticed a greater mummy
115703 | Zig:16   | Killed a greater mummy
115753 | Zig:16   | Noticed a greater mummy
115768 | Zig:16   | Killed a greater mummy
115778 | Zig:16   | Noticed a greater mummy
115780 | Zig:16   | Noticed a greater mummy
115783 | Zig:16   | Killed a greater mummy
115783 | Zig:16   | Reached skill level 10 in Charms
115789 | Zig:16   | Killed a greater mummy
115879 | Zig:16   | Found the +5 pair of quick blades "Gyre" and "Gimble" {pierce, Dex-3}
115885 | Zig:16   | Identified the Grimoire of Calling and Flight
115896 | Zig:16   | Got a sparkling pewter amulet
115897 | Zig:16   | Identified the amulet "Fuloen" {RegenMP +Fly Dex+7 Slay-2 SInv} (You found it on level 16 of a ziggurat)
115903 | Zig:16   | Got a jewelled large shield
115904 | Zig:16   | Identified the +0 large shield "Mineniz" {*Slow rF+ rN+} (You found it on level 16 of a ziggurat)
115908 | Zig:16   | Got a smoking platinum amulet
115909 | Zig:16   | Identified the amulet "Dybba Gorgh" {RegenMP Fragile rElec rN+ Dex+4} (You found it on level 16 of a ziggurat)
115917 | Zig:17   | Entered Level 17 of a ziggurat
116108 | Zig:18   | Entered Level 18 of a ziggurat
116148 | Zig:18   | Noticed an ancient lich
116154 | Zig:18   | Noticed an ancient lich
116156 | Zig:18   | Killed an ancient lich
116158 | Zig:18   | Noticed an ancient lich
116164 | Zig:18   | Killed an ancient lich
116182 | Zig:18   | Killed an ancient lich
116182 | Zig:18   | Reached skill level 10 in Earth Magic
116277 | Zig:18   | Got a translucent pewter ring
116280 | Zig:18   | Got a bound wooden ring
116281 | Zig:18   | Identified the ring of Nobility {+Fly rN+} (You found it on level 18 of a ziggurat)
116282 | Zig:18   | Identified the ring of the Tempest {rPois Str+3 Int-3 Dex+5} (You found it on level 18 of a ziggurat)
116322 | Zig:19   | Entered Level 19 of a ziggurat
116331 | Zig:19   | Noticed a greater mummy
116353 | Zig:19   | Noticed a greater mummy
116358 | Zig:19   | Noticed a greater mummy
116367 | Zig:19   | Killed a greater mummy
116386 | Zig:19   | Killed a greater mummy
116396 | Zig:19   | Noticed a greater mummy
116422 | Zig:19   | Killed a greater mummy
116422 | Zig:19   | Reached skill level 15 in Earth Magic
116453 | Zig:19   | Noticed a greater mummy
116474 | Zig:19   | Noticed a greater mummy
116490 | Zig:20   | Entered Level 20 of a ziggurat
116568 | Zig:20   | Noticed an ancient lich
116597 | Zig:20   | Killed an ancient lich
116755 | Zig:20   | Identified Sif Muna's Handbook of the Scorching Voyage
116763 | Zig:21   | Entered Level 21 of a ziggurat
116964 | Zig:21   | Found the +5 scythe "Finisher" {speed, Str+3}
116991 | Zig:21   | Got a brightly glowing iron ring
116992 | Zig:21   | Identified the ring of Rationality {rElec MR+ Dex+2} (You found it on level 21 of a ziggurat)
116997 | Zig:21   | Got a slimy bone ring
116999 | Zig:22   | Entered Level 22 of a ziggurat
117009 | Zig:22   | Noticed a greater mummy
117010 | Zig:22   | Noticed a greater mummy
117015 | Zig:22   | Noticed a greater mummy
117018 | Zig:22   | Noticed a greater mummy
117019 | Zig:22   | Noticed a greater mummy
117019 | Zig:22   | Killed a greater mummy
117021 | Zig:22   | Noticed a greater mummy
117023 | Zig:22   | Noticed a greater mummy
117026 | Zig:22   | Noticed a greater mummy
117031 | Zig:22   | Noticed a greater mummy
117031 | Zig:22   | Killed a greater mummy
117050 | Zig:22   | Killed a greater mummy
117052 | Zig:22   | Found the +8 frozen axe "Frostbite" {freezing cloud, *Noise +Fly rC+}
117057 | Zig:23   | Entered Level 23 of a ziggurat
117068 | Zig:23   | Noticed a juggernaut
117076 | Zig:23   | Killed a juggernaut
117077 | Zig:23   | Noticed a juggernaut
117080 | Zig:23   | Noticed a juggernaut
117091 | Zig:23   | Killed a juggernaut
117092 | Zig:23   | Noticed a juggernaut
117092 | Zig:23   | Noticed a juggernaut
117098 | Zig:23   | Killed a juggernaut
117099 | Zig:23   | Noticed a juggernaut
117100 | Zig:23   | Noticed a juggernaut
117103 | Zig:23   | Noticed a juggernaut
117108 | Zig:23   | Noticed a juggernaut
117116 | Zig:23   | Killed a juggernaut
117121 | Zig:23   | Noticed a juggernaut
117127 | Zig:23   | Noticed a juggernaut
117128 | Zig:23   | Noticed a juggernaut
117130 | Zig:23   | Killed a juggernaut
117144 | Zig:23   | Killed a juggernaut
117147 | Zig:23   | Noticed a juggernaut
117149 | Zig:23   | Noticed a juggernaut
117161 | Zig:23   | Noticed a juggernaut
117162 | Zig:23   | Killed a juggernaut
117169 | Zig:23   | Killed a juggernaut
117169 | Zig:23   | Killed a juggernaut
117171 | Zig:23   | Killed a juggernaut
117171 | Zig:23   | Killed a juggernaut
117173 | Zig:23   | Killed a juggernaut
117177 | Zig:23   | Killed a juggernaut
117177 | Zig:23   | Killed a juggernaut
117177 | Zig:23   | Killed a juggernaut
117363 | Zig:24   | Entered Level 24 of a ziggurat
117645 | Zig:24   | Got a glittering brass ring
117646 | Zig:24   | Identified the ring "Wiuch" {rF+ Str+5 Int+4} (You found it on level 24 of a ziggurat)
117647 | Zig:24   | Identified the ring "Luekes" {Ice +Fly rPois Dex+3} (You found it on level 21 of a ziggurat)
117660 | Zig:24   | Got a spiked cloak
117661 | Zig:24   | Identified the +1 cloak "Cavas" {Regen+} (You found it on level 24 of a ziggurat)
117664 | Zig:24   | Got a warped ivory ring
117665 | Zig:24   | Identified the ring "Laavymy" {Ice Str-2 Dex+3} (You found it on level 24 of a ziggurat)
117667 | Zig:24   | Identified Siuvayg's Tome of Lucky Fascination
117678 | Zig:24   | Got a coiled steel ring
117679 | Zig:24   | Identified the ring of the Salmon {+Fly rElec rN+ Dex+2 Slay-2} (You found it on level 24 of a ziggurat)
117688 | Zig:25   | Entered Level 25 of a ziggurat
117768 | Zig:25   | Paralysed by accursed screaming for 2 turns
117779 | Zig:25   | Paralysed by accursed screaming for 2 turns
117791 | Zig:25   | Paralysed by accursed screaming for 2 turns
117799 | Zig:25   | Paralysed by accursed screaming for 2 turns
117811 | Zig:26   | Entered Level 26 of a ziggurat
117829 | Zig:26   | Lost intelligence.
117865 | Zig:26   | Noticed an ancient lich
117878 | Zig:26   | Killed an ancient lich
117886 | Zig:26   | Noticed an ancient lich
117890 | Zig:26   | Noticed an ancient lich
117900 | Zig:26   | Noticed an ancient lich
117904 | Zig:26   | Noticed an ancient lich
117914 | Zig:26   | Killed an ancient lich
117921 | Zig:26   | Killed an ancient lich
117933 | Zig:26   | Killed an ancient lich
117948 | Zig:26   | Killed an ancient lich
118011 | Zig:26   | Reached skill level 27 in Earth Magic
118167 | Zig:26   | Found the +9 heavy crossbow "Sniper" {velocity, Acc+∞ SInv}
118168 | Zig:26   | Got a warped silver ring
118171 | Zig:26   | Got a heavily runed bronze ring
118172 | Zig:26   | Identified the ring "Ucaucon" {+Fly Dex+5} (You found it on level 26 of a ziggurat)
118173 | Zig:26   | Identified the ring of Roezafam {+Fly Dex+2} (You found it on level 26 of a ziggurat)
118186 | Zig:26   | Got a heavily runed platinum amulet
118187 | Zig:26   | Identified the amulet "Tyzuylei" {Harm *Drain *Slow rF++ rC- Str+8} (You found it on level 26 of a ziggurat)
118220 | Zig:27   | Entered Level 27 of a ziggurat
118295 | Zig:27   | Identified the Catalogue of the Escort
118298 | Zig:27   | Got an ancient ivory ring
118317 | Zig:27   | Identified Lualynt's Tome of the Unholy Birds
118686 | Zot:5    | Got the Orb of Zot
118711 | Zot:5    | Noticed an ancient lich
119387 | D:$      | Escaped with the Orb!

Skill      XL: |  1  2  3  4  5  6  7  8  9 10 11 12 13 14 15 16 17 18 19 20 21 22 23 24 25 26 27 |
---------------+----------------------------------------------------------------------------------+-----
Unarmed Combat | 1 2 3 4 5 6 8 11 12 15 18 21 22 27 | 27.0
Spellcasting   | 2 14 | 14.2
Summonings     | 4 |  4.0
Fighting       | 1 3 10 15 18 20 23 25 27 | 27.0
Invocations    | 2 5 10 27 | 27.0
Armour         | 3 10 12 13 14 27 | 27.0
Dodging        | 7 10 13 27 | 27.0
Evocations     | 1 5 |  5.0
Shields        | 9 13 15 17 19 20 27 | 27.0
Throwing       | 13 | 13.5
Translocations | 25 | 25.0
Charms         | 12 | 12.0
Earth Magic    | 27 | 27.0
Stealth        | |  2.1

Action                   |  1- 3 |  4- 6 |  7- 9 | 10-12 | 13-15 | 16-18 | 19-21 | 22-24 | 25-27 || total
-------------------------+-------+-------+-------+-------+-------+-------+-------+-------+-------++-------
Melee: Unarmed           |   150 |   260 |   468 |   649 |  1636 |  1719 |  1444 |  1749 | 18174 || 26249
       Punch             |       |     2 |     5 |    27 |    94 |   139 |    27 |       |       ||   294
 Cast: Summon Small Mamm |     6 |       |       |       |       |       |       |       |       ||     6
       Song of Slaying   |       |       |       |       |       |       |       |       |    21 ||    21
Invok: Heroism           |       |       |     2 |    24 |    34 |    40 |    36 |    38 |    50 ||   224
       Finesse           |       |       |       |     1 |     6 |     9 |    14 |     5 |     7 ||    42
       Greater Servant o |       |       |       |       |       |       |       |       |    25 ||    25
       Lesser Servant of |       |       |       |       |       |       |       |       |     1 ||     1
Evoke: Wand              |       |       |       |       |       |    16 |       |       |    12 ||    28
       Figurine of a zig |       |       |       |       |       |       |       |       |     1 ||     1
  Use: Scroll            |       |     6 |     7 |     9 |    19 |     8 |     7 |     9 |    81 ||   146
       Potion            |       |       |       |     3 |       |     4 |     1 |     3 |    39 ||    50
 Stab: Sleeping          |       |       |     3 |     3 |       |       |       |       |       ||     6
       Distracted        |       |       |       |       |     1 |       |       |       |    14 ||    15
       Invisible         |       |       |       |       |       |       |       |       |     5 ||     5
       Paralysed         |       |       |       |       |       |       |       |       |     2 ||     2
  Eat: Chunk             |     8 |    14 |    27 |    44 |    85 |   148 |   163 |    95 |   304 ||   888
       Ration            |       |       |       |       |     3 |       |       |       |    28 ||    31
Armor: Robe              |     5 |       |       |       |       |       |       |       |       ||     5
       Scale mail        |    34 |    72 |   106 |    98 |       |       |       |       |       ||   310
       Crystal plate arm |       |       |       |   162 |   865 |  1346 |   441 |   528 |  4834 ||  8176
       Skin              |       |       |       |       |       |       |     6 |     2 |       ||     8
Dodge: Dodged            |   103 |   194 |   275 |   301 |   973 |  1740 |   489 |   726 |  9088 || 13889
Block: Other             |       |       |    46 |    71 |   239 |    17 |       |       |       ||   373
       Reflection        |       |       |       |     6 |     4 |       |       |       |       ||    10
       Large shield      |       |       |       |       |       |       |   794 |   519 |       ||  1313
       Shield            |       |       |       |       |       |       |       |   912 | 13469 || 14381
